AoeStats
← sony910505

Arena

505235562Analyzed
4v4 RM · 25d ago on Sep 8, 2026· 50m 42s· 8 players
Game mode
Random Map
Map size
Large (8 player)
Population
200
Speed
Normal
Resources
Standard
Victory
Conquest
Starting age
Dark Age
Ending age
Imperial Age
RankedLock teamsTeams togetherTeam positionsShared explorationLock speedFull tech treeHidden civsTurbo modeCheats
Victory
Defeat
🇩🇪 Armenians · Germany
1097
+13
🇨🇳 Goths · China
1096
+13
🇨🇳 Spanish · China
1089
+13
🇨🇦 Malians · Canada
1086
+13
🇹🇼 Wu · Taiwan
1095
-16
🇹🇼 Vikings · Taiwan
1028
-13
🇹🇼 Japanese · Taiwan
993
-12
🇹🇼 Persians · Taiwan
966
-11
BiggM4k
10:52 Feudal Age
14:56 Castle Age
12:56 Double-Bit Axe
22:35 Forging
22:26 Horse Collar
22:35 Loom
23:07 Arson
23:23 Squires
24:41 Iron Casting
24:07 Scale Mail Armor
26:53 Wheelbarrow
34:44 Imperial Age
32:19 Heavy Plow
32:33 Bow Saw
32:24 Gold Mining
33:34 Bloodlines
33:27 Husbandry
33:10 Light Cavalry
34:13 Scale Barding Armor
35:34 Farimba
35:06 Heavy Camel Rider
36:29 Chain Barding Armor
37:18 Hand Cart
38:13 Conscription
38:44 Chain Mail Armor
39:14 Crop Rotation
40:57 Elite Gbeto
44:21 Plate Barding Armor
44:17 Plate Mail Armor
K_o_n_d_o_m
3:13 Loom
14:30 Feudal Age
14:53 Horse Collar
15:02 Double-Bit Axe
14:56 Man-at-Arms
15:24 Arson
16:45 Wheelbarrow
16:31 Long Swordsman
17:27 Scale Mail Armor
18:51 Forging
21:47 Pikeman
30:03 Castle Age
30:52 Two-Handed Swordsman
31:18 Gambesons
31:33 Squires
31:54 Chain Mail Armor
32:15 Iron Casting
34:45 Bow Saw
36:49 Champion
40:15 Fortified Wall
40:15 Heavy Plow
42:17 Gold Mining
46:00 Hand Cart
47:32 Halberdier
51:18 Imperial Age
50:25 Ballistics
50:01 Murder Holes
46134864
10:46 Feudal Age
11:17 Loom
15:03 Castle Age
13:17 Double-Bit Axe
14:31 Horse Collar
16:41 Loom
17:44 Gold Mining
19:00 Padded Archer Armor
21:22 Bloodlines
21:44 Town Watch
23:00 Leather Archer Armor
29:31 Husbandry
32:55 Wheelbarrow
37:03 Heavy Plow
41:43 Imperial Age
42:07 Elite Conquistador
43:01 Pikeman
43:42 Squires
44:44 Conscription
44:57 Stone Mining
46:11 Ring Archer Armor
45:44 Scale Mail Armor
47:10 Stone Shaft Mining
50:25 Hand Cart
FishKid
0:48 Loom
11:20 Feudal Age
13:22 Double-Bit Axe
16:12 Castle Age
14:19 Horse Collar
18:40 Wheelbarrow
18:46 Wheelbarrow
25:21 Heavy Plow
26:47 Gold Mining
26:48 Stone Mining
27:17 Bow Saw
28:16 Hand Cart
29:11 Scale Mail Armor
29:22 Forging
28:35 Pikeman
29:17 Squires
29:11 Stone Mining
33:16 Imperial Age
31:08 Anarchy
31:25 Chain Mail Armor
31:45 Iron Casting
31:51 Masonry
33:58 Scale Barding Armor
34:07 Perfusion
33:29 Elite Huskarl
35:01 Conscription
36:05 Blast Furnace
36:24 Two-Man Saw
37:42 Chemistry
37:13 Architecture
37:20 Padded Archer Armor
37:10 Fletching
43:34 Halberdier
43:44 Halberdier
51:01 Bloodlines
50:54 Husbandry
50:15 Light Cavalry
51:24 Chain Barding Armor
allen980020
11:28 Feudal Age
12:31 Loom
13:24 Wheelbarrow
19:23 Castle Age
17:42 Gold Mining
17:42 Double-Bit Axe
17:42 Horse Collar
18:11 Scale Barding Armor
19:00 Stone Mining
19:23 Forging
19:06 Fletching
21:42 Iron Casting
21:28 Bloodlines
34:17 Hand Cart
35:49 Husbandry
38:32 Chain Barding Armor
43:55 Pikeman
48:27 Heavy Plow
Eagle
7:13 Loom
11:14 Feudal Age
15:53 Castle Age
13:58 Double-Bit Axe
15:10 Scale Mail Armor
17:03 Bow Saw
16:37 Horse Collar
21:20 Wheelbarrow
22:16 Heavy Plow
23:36 Squires
24:04 Forging
24:55 Town Watch
26:57 Squires
26:43 Arson
28:11 Hand Cart
34:04 Gold Mining
37:41 Imperial Age
39:06 Kataparuto
40:38 Two-Man Saw
39:57 Chain Mail Armor
40:18 Iron Casting
40:16 Town Patrol
40:35 Elite Samurai
43:22 Plate Mail Armor
43:52 Blast Furnace
44:19 Stone Mining
46:51 Fletching
studet515
10:06 Feudal Age
12:13 Double-Bit Axe
17:17 Castle Age
20:38 Forging
20:28 Scale Mail Armor
21:22 Squires
29:55 Horse Collar
41:46 Stone Mining
41:47 Gold Mining
43:42 Fletching
46:03 Murder Holes
46:51 Bodkin Arrow
47:51 Ballistics
48:42 Red Cliffs Tactics
sony910505
10:20 Feudal Age
11:55 Feudal Age
13:59 Town Watch
16:49 Castle Age
15:16 Double-Bit Axe
17:41 Bow Saw
21:28 Horse Collar
24:09 Scale Barding Armor
24:16 Forging
26:42 Iron Casting
26:27 Chain Barding Armor
29:38 Heavy Plow
31:39 Town Patrol
31:27 Loom
34:55 Gold Mining
43:33 Imperial Age
42:46 Ballistics
43:57 Man-at-Arms
45:12 Squires
46:14 Blast Furnace
45:16 Scale Mail Armor
44:46 Long Swordsman
45:13 Gambesons
48:30 Bogsveigar
48:40 Chieftains
48:02 Elite Berserk
49:39 Stone Mining
50:31 Crop Rotation
Connection lost

Rejoining the realm…

Still unreachable

The connection could not be restored.

Session expired

The server has moved on; the page needs a fresh start.